Map: Shrines of Lizul

Players

Bendulu - Winner!

  • Race: Zerg Zerg
  • League: Platinum
  • Spawn Location: 12:00

Федор - Winner!

  • Race: Terran Terran
  • League: Gold
  • Spawn Location: 3:00

ILIEKEGGPIE

  • Race: Protoss Protoss
  • League: Platinum
  • Spawn Location: 6:00

glassesT

  • Race: Zerg Zerg
  • Spawn Location: 9:00

VOD

Have the link to the VOD?

Description

Time

  • Played on: May 31, 2018, 3:30 p.m.
  • Length: 5:17
Show
View Real Time Build Order
Export as new Build Order

Bendulu Zerg - Winner!

Build Orders: Hatch First, Zergling Baneling 

Get SALT Encoding   

  12  0:01  Drone  
  13  0:10  Drone  
  14  0:18  Overlord  
  14  0:37  Drone x3  
  17  0:48  Drone  
  18  1:05  Drone, Extractor  
  18  1:07  Hatchery  
  17  1:18  Spawning Pool  
  16  1:20  Drone  
  16  1:24  Drone  
  18  1:31  Drone  
  19  1:42  Overlord  
  19  2:05  Zergling x4  
  19  2:07  Queen  
  23  2:10  Metabolic Boost  
  23  2:15  Zergling x2  
  24  2:27  Baneling Nest  
  23  2:39  Drone x2  
  23  2:43  Queen  
  27  2:44  Drone  
  27  2:45  Drone x2  
  30  2:51  Extractor  
  30  2:52  Zergling x2  
  30  2:57  Zergling x2  
  31  3:02  Overlord  
  31  3:08  Zergling x2  
  32  3:19  Drone  
  33  3:20  Drone  
  33  3:21  Drone  
  35  3:30  Zergling x4  
  37  3:35  Spore Crawler  
  36  3:44  Drone  
  36  3:45  Drone  
  36  3:53  Drone x2  
  36  3:54  Drone x2  
  40  4:01  Spine Crawler  
  39  4:05  Zergling x6  
  39  4:06  Zergling x6  
  42  4:15  Baneling  
  42  4:16  Baneling x5  
  42  4:17  Baneling x4  
  42  4:20  Zergling x2  
  42  4:22  Zergling x2  
  44  4:34  Overlord x2  
Show
View Real Time Build Order
Export as new Build Order

Федор Terran - Winner!

Build Orders:  

Get SALT Encoding   

  12  0:04  SCV  
  13  0:16  SCV  
  14  0:28  SCV  
  15  0:31  Supply Depot  
  15  0:40  Refinery  
  15  0:57  Barracks  
  15  1:03  Barracks  
  15  1:10  Barracks  
  15  1:13  SCV  
  17  1:25  SCV  
  17  1:37  SCV  
  18  1:45  Barracks Reactor  
  18  1:55  Barracks Reactor  
  18  2:02  Barracks Tech Lab  
  18  2:08  Supply Depot  
  18  2:10  Orbital Command  
  17  2:31  Marine x2  
  17  2:33  Marine x2  
  17  2:35  Marauder  
  23  2:45  Supply Depot  
  23  2:49  Marine x2  
  23  2:51  Marine  
  26  3:04  Marauder  
  28  3:05  Concussive Shells  
  28  3:08  Marine  
  28  3:09  Marine  
  28  3:11  Marine x2  
  32  3:20  Supply Depot  
  32  3:26  Marine x2  
  34  3:30  Marine x2  
  36  3:51  Marine x2  
  36  3:52  Marine x2  
  36  3:53  Marauder  
Show
View Real Time Build Order
Export as new Build Order

ILIEKEGGPIE Protoss 

Build Orders:  

Get SALT Encoding   

  12  0:01  Probe  
  13  0:13  Probe  
  14  0:19  Pylon  
  14  0:24  Probe  
  15  0:33  Probe  
  15  0:42  Probe  
  16  0:43  Gateway  
  17  0:50  Assimilator  
  17  0:57  Assimilator  
  17  1:01  Probe  
  18  1:08  Gateway  
  18  1:13  Probe  
  19  1:24  Pylon  
  19  1:25  Probe  
  20  1:45  Probe  
  21  1:52  Cybernetics Core  
  21  2:08  Gateway  
  21  2:10  Gateway  
  21  2:16  Pylon  
  21  2:29  Adept x2  
  21  2:31  Probe  
  21  2:32  Warp Gate  
  26  2:51  Pylon  
  27  2:55  Adept x2  
  30  3:09  Adept  
  32  3:19  Adept  
  34  3:24  Adept  
  34  3:25  Adept  
  34  4:02  Stargate  
  32  4:34  Nexus  
  32  4:40  Stalker x4  
  36  5:05  Stalker x3  
Show
View Real Time Build Order
Export as new Build Order

glassesT Zerg 

Build Orders: Hatch First 

Get SALT Encoding   

  12  0:01  Drone  
  13  0:13  Overlord  
  13  0:19  Drone  
  14  0:33  Drone x2  
  14  0:35  Drone  
  17  0:55  Hatchery  
  16  1:09  Spawning Pool  
  15  1:16  Extractor  
  15  1:17  Drone x2  
  16  1:20  Drone  
  17  1:56  Queen  
  19  2:07  Queen  
  21  2:10  Overlord  
  22  2:22  Zergling x2  
  22  2:23  Zergling x8  
  22  2:24  Metabolic Boost  
  26  2:32  Drone  
  27  2:53  Zergling x2  
  27  2:54  Zergling x6  
  31  3:00  Baneling Nest, Extractor  
  31  3:02  Drone x2  
  31  3:11  Spine Crawler  
  30  3:23  Drone x3  
  30  3:24  Drone  
  34  3:37  Overlord  
  34  3:48  Baneling x3  
  34  3:49  Baneling x2  
  34  3:55  Drone  
  30  4:26  Extractor  
  30  4:31  Zergling x8  
  30  4:32  Zergling x10  
  38  4:41  Zergling x4  
  39  4:46  Zergling x4  
  39  4:51  Zergling x2  
Tags
 
Add a new tag
Caveats
  • Supply blocks, unpowered buildings, or Contaminate may cause inaccurate times.
  • Supply counts are checked every 10 seconds.